 Dungeon Crawl Stone Soup version 0.28-a0-1344-g6b9ff3a05d (webtiles) character file.

Game seed: 7042655501198650744

620 Delamore the Cudgeller (level 7, 0/41 HPs)
             Began as a Gargoyle Fighter on Dec 29, 2021.
             Was a Follower of Okawaru.
             Killed by divine providence
             ... invoked by an orc priest
              (11 damage)
             ... on level 5 of the Dungeon.
             The game lasted 00:06:40 (5041 turns).

Delamore the Cudgeller (Gargoyle Fighter)           Turns: 5041, Time: 00:06:41

Health: 0/41       AC: 16    Str: 21    XL:     7   Next: 46%
Magic:  8/8        EV:  7    Int:  9    God:    Okawaru [*.....]
Gold:   187        SH:  4    Dex:  9    Spells: 6/6 levels left

rFire   . . .      SeeInvis +   h - +0 dagger (venom)
rCold   . . .      Faith    .   c - +0 buckler
rNeg    + . .      Spirit   .   n - +0 chain mail
rPois   ∞          Reflect  .   k - +0 helmet {SInv}
rElec   +          Harm     .   (no cloak)
rCorr   .          Rampage  .   (no gloves)
Will    .....                   m - +0 pair of boots
Stlth   ..........              (no amulet)
HPRegen 0.13/turn               (no ring)
MPRegen 0.11/turn               (no ring)

@: no status effects
A: sickness immunity, AC +4, negative energy resistance 1, electricity
resistance, torment resistance 1, petrification resistance
a: Renounce Religion, Heroism


You were on level 5 of the Dungeon.
You worshipped Okawaru.
Okawaru was aware of your devotion.
You visited 1 branch of the dungeon, and saw 5 of its levels.

You collected 187 gold pieces.

Inventory:

Hand Weapons
 a - a +0 flail
 h - a +0 dagger of venom (weapon)
Missiles
 o - 15 poisoned darts
 w - a curare-tipped dart (quivered)
Armour
 c - a +0 buckler (worn)
 k - a +0 helmet of see invisible (worn)
 m - a +0 pair of boots (worn)
 n - a +0 chain mail (worn)
 u - an orb of mayhem
Scrolls
 e - a scroll of amnesia
 p - a scroll of fog
 q - a scroll of acquirement {unknown}
 r - 3 scrolls of immolation
 t - a scroll of silence
Potions
 d - 2 potions of might
 f - 2 potions of attraction
 g - a potion of invisibility
 i - a potion of brilliance
 s - a potion of berserk rage {unknown}
 v - a potion of haste {unknown}


   Skills:
 - Level 3.2 Fighting
 + Level 7.6 Maces & Flails
 - Level 3.2 Armour
 - Level 4.0 Shields
 + Level 1.4 Invocations


You had 6 spell levels left.
You didn't know any spells.
Your spell library contained the following spells:

 Spells                   Type           Power      Damage    Failure   Level
 Passwall                 Tmut/Erth      0%         N/A       99%         2
 Swiftness                Air            0%         N/A       100%        3
 Fireball                 Conj/Fire      0%         3d3       100%        5
 Iskenderun's Battlesphe  Conj           0%         2d6       100%        5
 Conjure Ball Lightning   Conj/Air       0%         3x3d6     100%        6
 Orb of Destruction       Conj           0%         N/A       100%        7
 Summon Small Mammal      Summ           Unusable   N/A       N/A         1
 Call Canine Familiar     Summ           Unusable   N/A       N/A         3
 Summon Guardian Golem    Hex/Summ       Unusable   N/A       N/A         3

Dungeon Overview and Level Annotations

Branches:
Dungeon (5/15)             Temple (0/1) D:4

Altars:
Gozag
Nemelex Xobeh
Okawaru
Trog
Uskayaw


Innate Abilities, Weirdness & Mutations

You are immune to sickness and miasma.
Your stone body is resilient. (AC +4)
You are immune to poison.
You resist negative energy. (rN+)
You are resistant to electric shocks. (rElec)
You are resistant to unholy torment.
You are immune to petrification.


Message History

The water moccasin is moderately wounded.
The water moccasin bites you but does no damage.
You hit the water moccasin.
The water moccasin is moderately wounded.
The water moccasin bites you but does no damage.
The water moccasin misses you.
You closely miss the water moccasin.
The water moccasin is moderately wounded.
The water moccasin barely misses you.
You closely miss the water moccasin.
The water moccasin is moderately wounded.
The water moccasin bites you.
The water moccasin bites you but does no damage.
Throw: 3 darts (curare)
Press: ? - help, Q - select action, (/) - cycle Shift-Dir - straight line, f - orc priest
Aim: an orc priest, wielding a +0 club (52% to hit)
You throw a curare-tipped dart.
The curare-tipped dart closely misses the water moccasin.
The curare-tipped dart closely misses the orc priest.
The water moccasin bites you!
* * * LOW HITPOINT WARNING * * *
You fail to use your ability.
The water moccasin bites you but does no damage.
Throw: 2 darts (curare)
Press: ? - help, Q - select action, (/) - cycle Shift-Dir - straight line, f/p - orc priest
Aim: an orc priest, wielding a +0 club (54% to hit)
You throw a curare-tipped dart.
The curare-tipped dart hits the water moccasin.
The water moccasin is moderately wounded.
The water moccasin barely misses you. The water moccasin bites you.
* * * LOW HITPOINT WARNING * * *
You miss the water moccasin.
The water moccasin is moderately wounded.
The water moccasin bites you.
* * * LOW HITPOINT WARNING * * *
You feel better.
The water moccasin bites you but does no damage.
The orc priest calls down the wrath of Beogh upon you.
Beogh smites you!
You die...

######.### #.## #
#........######.# #
##.##....oS...##.# #
..........###o##.# #
#.###..#.###.##.# # ..
#..#....S...# # # #..#####.####
# ######..#####o# #
...........@So# #
#######.####### # #.# #.#
########### ##### #.#
#...(.....#
....########.########.#######.#
###.##.....#.#........# #.#
###.##.###.....#####..##### #.#
......................)...# #.#


You could see a water moccasin, an orc priest and an orc.

Vanquished Creatures
  An ogre (D:5)
  Blork the orc (D:4)
  A scorpion (D:5)
  A howler monkey (D:4)
  2 hounds (D:4)
  An orc priest (D:5)
  An iguana (D:5)
  Natasha (twice) (D:3)
  Robin (D:2)
  8 adders
  3 worms
  3 dart slugs
  5 orcs
  7 ball pythons
  6 bats
  6 endoplasms
  2 giant cockroaches (D:2)
  19 goblins
  6 hobgoblins
  4 jackals
  6 kobolds
  3 quokkas
  6 frilled lizards
  5 rats
100 creatures vanquished.

Notes
Turn   | Place    | Note
-------+----------+-------------------------------------------
     0 | D:1      | Delamore the Gargoyle Fighter began the quest for the Orb.
     0 | D:1      | Reached XP level 1. HP: 14/14 MP: 1/1
    59 | D:1      | Reached XP level 2. HP: 8/19 MP: 2/2
   635 | D:1      | Reached XP level 3. HP: 20/23 MP: 3/3
   964 | D:1      | Found Zohu Kishi's Antique Weapon Boutique.
  1007 | D:1      | Reached skill level 3 in Maces & Flails
  1069 | D:2      | Noticed Robin
  1442 | D:1      | Reached XP level 4. HP: 21/28 MP: 4/4
  1526 | D:2      | Killed Robin
  1567 | D:2      | Reached skill level 4 in Maces & Flails
  2515 | D:3      | Reached XP level 5. HP: 32/32 MP: 5/5
  2661 | D:3      | Noticed Natasha
  2668 | D:3      | Killed Natasha
  2669 | D:3      | Reached skill level 5 in Maces & Flails
  2900 | D:3      | Noticed Natasha
  2911 | D:3      | Killed Natasha
  2968 | D:4      | Reached XP level 6. HP: 37/37 MP: 6/6
  3080 | D:4      | Found an iron altar of Okawaru.
  3081 | D:4      | Found a sparkling altar of Nemelex Xobeh.
  3120 | D:4      | Became a worshipper of Warmaster Okawaru
  3203 | D:4      | Reached skill level 6 in Maces & Flails
  3616 | D:4      | Noticed Blork the orc
  3631 | D:4      | Killed Blork the orc
  3632 | D:4      | Found a staircase to the Ecumenical Temple.
  3870 | D:4      | Found an opulent altar of Gozag.
  3879 | D:4      | Found a hide-covered altar of Uskayaw.
  3956 | D:5      | Entered Level 5 of the Dungeon
  4035 | D:5      | Reached skill level 7 in Maces & Flails
  4035 | D:5      | Reached XP level 7. HP: 20/41 MP: 7/7
  4391 | D:5      | Reached * piety under Okawaru
  4521 | D:5      | Found a bloodstained altar of Trog.
  4649 | D:5      | Reached skill level 1 in Invocations
  5041 | D:5      | Killed from afar by an orc priest

Illustrated notes

Levels and vault maps discovered:
D:1:      tarquinn_simple_flora_water_c, layout_basic, serial_shops,
          nicolae_shop_trees, st_stairs_10
D:2:      layout_loops_cross, uniq_robin
D:3:      layout_rooms, uniq_natasha
D:4:      layout_basic, chequers_temple_overflow_statue_of_worship,
          mainiacjoe_overflow_swirl, minmay_temple_entry_tees,
          uniq_blork_the_orc
D:5:      layout_loops_corners, mainiacjoe_overflow_chevrons

Skill      XL: |  1  2  3  4  5  6  7 |
---------------+----------------------+-----
Shields        | 4 |  4.0
Maces & Flails | 3 4 5 7 |  7.6
Invocations    | 1 |  1.4
Fighting       | |  3.2
Armour         | |  3.2

Action                   |  1- 3 |  4- 6 |  7- 9 || total
-------------------------+-------+-------+-------++-------
Melee: Flail             |    81 |       |       ||    81
       Dagger            |    61 |   231 |    46 ||   338
Throw: Dart              |       |       |     2 ||     2
  Use: Scroll            |     1 |     2 |     4 ||     7
       Potion            |       |       |     1 ||     1
Armor: Scale mail        |   102 |    17 |       ||   119
       Chain mail        |       |   140 |    23 ||   163
Dodge: Dodged            |    85 |    87 |    17 ||   189
Block: Buckler           |    44 |    47 |     5 ||    96

Table legend: (Time is in decaauts)
 A = Elapsed time spent in this place.
 B = Non-inter-level travel time spent in this place.
 C = Inter-level travel time spent in this place.
 D = Time resting spent in this place.
 E = Time spent auto-exploring this place.
 F = Levels seen in this place.
 G = Mean time per level.
                   A        B        C        D        E       F      G
               +--------+--------+--------+--------+--------+-----+--------+
         Total |   5065 |   4887 |    178 |   1081 |   2941 |   5 | 1013.0 |
       Dungeon |   5065 |   4887 |    178 |   1081 |   2941 |   5 | 1013.0 |
               +--------+--------+--------+--------+--------+-----+--------+

Top non-repeatable levels by time:
     D:1: 1529 daAuts
     D:5: 1084 daAuts
     D:4: 851 daAuts
     D:2: 850 daAuts
     D:3: 749 daAuts
